Map: 莱瑞拉克之冠

Players

shengy - Winner!

  • Race: Zerg Zerg
  • League: Platinum

BobRH

  • Race: Terran Terran
  • League: Diamond

VOD

Have the link to the VOD?

Description

Time

  • Played on: Dec. 29, 2015, 12:20 a.m.
  • Length: 9:44
Show
View Real Time Build Order
Export as new Build Order

shengy Zerg - Winner!

Build Orders: Hatch First 

Get SALT Encoding   

  12  0:01  Drone  
  13  0:12  Drone  
  14  0:20  Overlord  
  14  0:31  Extractor  
  14  0:32  Drone  
  15  0:38  Drone x2  
  17  0:48  Drone  
  18  0:59  Drone  
  18  1:01  Hatchery  
  18  1:08  Drone  
  19  1:16  Spawning Pool  
  19  1:18  Drone  
  19  1:28  Overlord  
  19  1:39  Drone  
  20  1:50  Drone  
  21  2:03  Queen  
  21  2:05  Zergling x2  
  24  2:13  Drone  
  24  2:14  Queen  
  27  2:17  Drone  
  27  2:21  Zergling x2  
  29  2:29  Drone  
  30  2:35  Drone x2  
  32  2:47  Zergling x2  
  32  2:48  Zergling x2  
  33  2:51  Spore Crawler  
  32  2:59  Queen  
  32  3:04  Extractor  
  32  3:05  Extractor, Overlord  
  34  3:10  Drone x2  
  34  3:11  Overlord  
  35  3:16  Extractor  
  34  3:39  Drone x5  
  34  3:40  Roach Warren  
  34  3:41  Drone x5  
  43  3:57  Queen  
  45  4:05  Metabolic Boost  
  45  4:07  Lair  
  45  4:14  Drone x6  
  45  4:15  Evolution Chamber, Drone  
  45  4:16  Drone  
  52  4:17  Evolution Chamber  
  52  4:23  Overlord  
  52  4:24  Overlord  
  51  4:49  Spore Crawler  
  50  4:55  Drone  
  50  4:56  Drone x5  
  56  5:04  Overseer  
  56  5:11  Roach  
  56  5:12  Roach  
  60  5:15  Glial Reconstitution  
  60  5:20  Zerg Missile Weapons Level 1, Zerg Ground Armor Level 1  
  60  5:27  Roach x4  
  68  5:54  Hydralisk Den  
  66  6:10  Extractor, Burrow  
  65  6:14  Overlord x5  
  65  6:15  Overlord  
  65  6:31  Hatchery  
  64  6:34  Tunneling Claws  
  64  6:38  Overseer  
  64  6:41  Roach x11  
  64  6:42  Roach  
  74  7:12  Roach  
  74  7:13  Roach x7  
  90  7:29  Infestation Pit  
  89  7:30  Spire, Roach x20  
  89  7:31  Hatchery  
  87  7:38  Overlord  
  87  7:40  Roach x3  
  93  7:44  Queen  
  83  8:10  Roach x13  
  83  8:11  Roach  
  83  8:12  Roach x9  
  97  8:26  Roach x13  
  97  8:34  Roach x26  
  97  8:35  Roach x3  
  97  8:37  Drone  
  112  8:45  Roach x29  
  108  8:55  Extractor  
  108  9:01  Extractor  
  106  9:19  Drone x13  
Show
View Real Time Build Order
Export as new Build Order

BobRH Terran 

Build Orders: Reaper Expand, Mech 

Get SALT Encoding   

  12  0:01  SCV  
  13  0:13  SCV  
  14  0:18  Supply Depot  
  14  0:25  SCV  
  15  0:39  SCV  
  15  0:41  Barracks  
  16  0:47  Refinery  
  16  0:51  SCV  
  17  1:04  SCV  
  18  1:16  SCV  
  19  1:30  Orbital Command  
  19  1:31  Reaper  
  20  1:45  Command Center  
  20  1:54  Supply Depot  
  20  1:59  SCV  
  21  2:04  Refinery  
  21  2:11  SCV  
  22  2:22  Factory  
  22  2:23  SCV  
  22  2:27  Barracks Reactor  
  23  2:35  SCV  
  24  2:47  SCV  
  25  2:59  Orbital Command  
  25  3:00  SCV  
  26  3:12  SCV  
  27  3:13  Hellion, Factory  
  27  3:14  Hellion  
  27  3:16  Barracks Tech Lab  
  31  3:24  SCV  
  32  3:27  Orbital Command  
  32  3:28  Supply Depot  
  32  3:30  Supply Depot  
  31  3:36  SCV  
  36  3:41  Widow Mine x2  
  35  3:48  SCV  
  35  3:55  Supply Depot  
  36  4:00  SCV  
  37  4:08  SCV  
  38  4:10  Refinery  
  38  4:11  Widow Mine x2  
  38  4:12  Siege Tank  
  38  4:13  SCV  
  46  4:20  SCV  
  47  4:25  Refinery, SCV  
  48  4:31  Factory  
  48  4:32  SCV  
  47  4:39  SCV  
  47  4:44  SCV  
  47  4:45  Widow Mine x2  
  49  4:47  Siege Tank  
  49  4:51  SCV  
  55  4:56  SCV  
  56  5:03  SCV  
  56  5:05  Barracks Tech Lab  
  56  5:06  Supply Depot  
  57  5:08  SCV  
  58  5:14  Hellion x2  
  58  5:15  SCV  
  63  5:30  SCV x2  
  63  5:31  Command Center  
  63  5:33  Engineering Bay  
  63  5:35  Siege Tank, Armory x2  
  68  5:40  Hellion  
  68  5:42  SCV x2  
  72  5:46  Hellion  
  72  5:47  Hellion  
  76  5:54  SCV  
  76  5:55  SCV  
  78  6:00  Missile Turret  
  78  6:02  Supply Depot  
  78  6:05  Barracks Reactor  
  78  6:09  Infernal Pre-Igniter  
  78  6:15  Hellion x2, SCV x2  
  78  6:16  Supply Depot  
  84  6:27  Supply Depot, SCV x2  
  84  6:30  Supply Depot  
  89  6:32  Siege Tank  
  89  6:39  SCV x2  
  91  6:40  Siege Tank  
  91  6:41  Hellion  
  96  6:48  SCV  
  96  6:51  SCV x2  
  97  7:01  SCV  
  98  7:03  SCV x2  
  98  7:05  Siege Tank  
  89  7:11  Hellion x2  
  89  7:12  Siege Tank  
  89  7:15  SCV  
  82  7:23  Supply Depot  
  82  7:28  Supply Depot  
  82  7:33  Hellion  
  82  7:34  Planetary Fortress  
  84  7:39  Siege Tank, Refinery  
  84  7:41  Refinery  
  87  7:50  Factory  
  87  7:52  Factory  
  87  7:54  Supply Depot  
  87  7:56  SCV x2  
  89  8:02  Siege Tank  
  79  8:08  SCV  
  79  8:11  Hellbat x2, Siege Tank  
  72  8:34  Factory Tech Lab, Siege Tank  
  75  8:43  Siege Tank, Missile Turret  
  75  8:49  Hellbat x2, Factory Tech Lab  
  76  8:55  Hellbat  
  76  9:01  SCV x3  
  76  9:06  Siege Tank  
  76  9:07  Hellbat  
  80  9:11  Hellbat  
Tags
 
Add a new tag
Caveats
  • Supply blocks, unpowered buildings, or Contaminate may cause inaccurate times.
  • Supply counts are checked every 10 seconds.